 Dungeon Crawl Stone Soup version 0.19.0-19-g8c6edcc (console) character file.

1017 Kloppie the Skirmisher (level 8, -14/71 HPs)
             Began as a Mottled Draconian Berserker on Nov 13, 2016.
             Was a Priest of Trog.
             Demolished by an orc warrior
             ... wielding a +0 halberd of protection
              (27 damage)
             ... on level 6 of the Dungeon.
             The game lasted 00:06:09 (5019 turns).

Kloppie the Skirmisher (DrBe)                       Turns: 5019, Time: 00:06:09

Health: -14/71     AC:  9    Str: 20    XL:     8   Next: 1%
Magic:  8/8        EV: 16    Int:  7    God:    Trog [***...]
Gold:   103        SH:  0    Dex: 16    Spells: 0 memorised, 7 levels left

rFire  . . .     SeeInvis .     a - +1 mace (crush)
rCold  . . .     Gourm    .     (armour unavailable)
rNeg   . . .     Faith    .     (no shield)
rPois  .         Spirit   .     (helmet restricted)
rElec  .         Reflect  .     (no cloak)
rCorr  .         Harm     .     d - +2 pair of gloves {Dex+3}
MR     +++..                    (no boots)
Stlth  +.........               (no amulet)
                                (no ring)
                                k - ring of protection from magic

@: exhausted, regenerating
A: breathe sticky flame splash, unfitting armour, cold-blooded, AC +6
a: Breathe Sticky Flame, Berserk, Trog's Hand, Burn Spellbooks, Renounce
Religion


You were on level 6 of the Dungeon.
You worshipped Trog.
Trog was most pleased with you.
You were very hungry.

You visited 1 branch of the dungeon, and saw 6 of its levels.

You collected 323 gold pieces.
You spent 220 gold pieces at shops.

Inventory:

Hand Weapons
 a - a +1 mace of crushing (weapon)
 x - a +0 flail
 y - a +0 mace
Armour
 d - a +2 pair of gloves of dexterity (worn)
 e - a +0 pair of gloves
Jewellery
 k - a ring of protection from magic (left hand)
Wands
 t - a wand of polymorph (8/24)
Scrolls
 h - 2 scrolls of remove curse
 n - 2 scrolls of magic mapping {unknown}
 o - 2 scrolls of immolation {unknown}
 r - 2 scrolls of blinking {unknown}
 v - 2 scrolls of random uselessness {unknown}
 w - 2 scrolls of amnesia {unknown}
 z - a scroll of recharging {unknown}
Potions
 c - a potion of brilliance
 g - a potion of berserk rage
 i - 2 potions of might
 m - a potion of haste
 p - 6 potions of curing
 q - a potion of degeneration {unknown}
 u - 2 potions of cure mutation {unknown}
Comestibles
 b - 4 bread rations
 f - a royal jelly
 j - 5 meat rations
 l - 3 beef jerkies
 s - 2 slices of pizza


   Skills:
 + Level 6.8 Fighting
 + Level 6.0 Maces & Flails
 + Level 5.6 Dodging


You had 7 spell levels left.
You didn't know any spells.

Dungeon Overview and Level Annotations

Branches:
Dungeon (6/15)             Temple (0/1) D:4

Altars:
Ashenzari
Vehumet

Shops:
D:6 [

Annotations:
D:6 Grinder


Innate Abilities, Weirdness & Mutations

You can spit globs of burning liquid.
You can ignite nearby creatures when you spit burning liquid.
Your weird mottled scales are hard. (AC +6)
You cannot fit into any form of body armour.
You are cold-blooded and may be slowed by cold attacks.


Message History

The orc warrior misses you.
Your skin crawls.
You feel resistant to hostile enchantments.
You feel somewhat more hungry.
The orc wizard mumbles some strange words.
The bullfrog barely misses you.
The orc wizard gestures at you while chanting.
The magic dart hits you! The bullfrog misses you.
You hit the orc wizard but do no damage.
The orc wizard is severely wounded.
The orc wizard hits you with a dagger.
* * * LOW HITPOINT WARNING * * *
The orc warrior closely misses you.
The bullfrog hits you but does no damage.
The orc wizard hits you but does no damage.
You closely miss the orc wizard.
The orc wizard is severely wounded.
The bullfrog misses you.
The orc warrior hits you from afar with a halberd of protection!!
You die...

.. .......#####...#####
..# #..................
... #..................
#..#..#............... .
..#..##.#..#####...#####
### ... .......oo..#
#.o.# .. ..# #...5co.##
#...# .# #.# #####F###
#...# .####.##########@#
#..o# ...............o.#
.Z... .#.#..##.##.######
#...... ......##.##.#
#.#.#..# ##.......##.#
#. ..... ####..#####.#
####..#####.#
............#
#############


You could see Grinder, an orc warrior, a bullfrog, a centaur, an orc wizard and
2 orcs.

Vanquished Creatures
  An ice beast (D:5)
  2 ogres
  A phantom (D:6)
  A scorpion (D:5)
  A crimson imp (D:6)
  2 orc priests
  2 hounds (D:4)
  An iguana (D:5)
  Ijyb (D:2)
  Natasha (thrice) (D:2)
  3 orc wizards
  3 worker ants
  3 gnolls (D:3)
  7 adders
  A shadow imp (D:5)
  3 worms
  3 dart slugs
  2 leopard geckos
  13 orcs
  3 ball pythons
  2 giant cockroaches
  5 hobgoblins
  12 jackals
  4 kobolds
  A quokka (D:2)
  4 bats
  3 frilled lizards
  5 goblins
  14 rats
106 creatures vanquished.

Notes
Turn   | Place    | Note
-------+----------+-------------------------------------------
     0 | D:1      | Kloppie the Draconian Berserker began the quest for the Orb.
     0 | D:1      | Reached XP level 1. HP: 19/19 MP: 1/1
   183 | D:1      | Reached XP level 2. HP: 25/26 MP: 2/2
   861 | D:2      | Noticed Natasha
   871 | D:2      | Killed Natasha
   871 | D:2      | Reached XP level 3. HP: 33/33 MP: 3/3
   995 | D:2      | Noticed Natasha
  1000 | D:2      | Killed Natasha
  1000 | D:2      | Reached XP level 4. HP: 40/40 MP: 4/4
  1127 | D:2      | Found a shattered altar of Ashenzari.
  1146 | D:2      | Reached ** piety under Trog
  1479 | D:2      | Noticed Ijyb
  1489 | D:2      | Killed Ijyb
  1616 | D:2      | Noticed Natasha
  1623 | D:2      | Killed Natasha
  1623 | D:2      | Reached XP level 5. HP: 43/47 MP: 5/5
  2779 | D:4      | Reached skill level 5 in Fighting
  2803 | D:4      | Found a radiant altar of Vehumet.
  2811 | D:4      | Found a staircase to the Ecumenical Temple.
  2931 | D:4      | Noticed an ogre
  2938 | D:4      | Killed an ogre
  2938 | D:4      | Reached XP level 6. HP: 56/56 MP: 6/6
  3277 | D:4      | Reached *** piety under Trog
  3443 | D:5      | Entered Level 5 of the Dungeon
  3473 | D:5      | Reached skill level 5 in Maces & Flails
  3599 | D:5      | Your scales start taking on a weird mottled colour.
  3599 | D:5      | Reached XP level 7. HP: 13/62 MP: 7/7
  3778 | D:5      | Reached skill level 5 in Dodging
  4615 | D:6      | Found Qutogg's Antique Armour Shoppe.
  4626 | D:6      | Bought a pair of glowing gloves for 220 gold pieces
  4806 | D:6      | Reached XP level 8. HP: 55/71 MP: 8/8
  4983 | D:6      | Noticed Grinder
  5019 | D:6      | Demolished by an orc warrior

Skill      XL: |  1  2  3  4  5  6  7 |
---------------+----------------------+-----
Dodging        | 3 4 5 |  5.6
Fighting       | 4 5 6 |  6.8
Maces & Flails | 4 5 6 |  6.0

Action                   |  1- 3 |  4- 6 |  7- 9 || total
-------------------------+-------+-------+-------++-------
Melee: Mace              |   104 |   107 |    52 ||   263
       Tailslap          |    11 |    24 |    17 ||    52
       Unarmed           |       |     7 |       ||     7
       Flail             |       |    54 |    83 ||   137
Invok: Berserk           |       |     4 |     2 ||     6
       Trog's Hand       |       |       |     2 ||     2
 Abil: Breathe Sticky Fl |       |       |     1 ||     1
  Use: Scroll            |       |       |     6 ||     6
 Stab: Sleeping          |       |     1 |     1 ||     2
  Eat: Chunk             |       |    13 |     6 ||    19
Armor: Skin              |    41 |    35 |    48 ||   124
Dodge: Dodged            |    71 |   147 |   145 ||   363
